 Dungeon Crawl Stone Soup version 0.27.0-1-g7a08968 (webtiles) character file.

Game seed: 17791866347408841543

68 tokuyamm9 the Skirmisher (level 4, 0/40 HPs)
             Began as a Hill Orc Fighter on Aug 14, 2021.
             Succumbed to an adder's poison
             ... on level 2 of the Dungeon.
             The game lasted 00:05:11 (1904 turns).

tokuyamm9 the Skirmisher (Hill Orc Fighter)         Turns: 1904, Time: 00:05:13

Health: 0/40       AC:  7    Str: 19    XL:     4   Next: 19%
Magic:  4/4        EV:  7    Int:  8    God:
Gold:   88         SH:  9    Dex: 10    Spells: 3/3 levels left

rFire    . . .     SeeInvis .   a - +0 war axe
rCold    . . .     Faith    +   c - +0 kite shield
rNeg     . . .     Spirit   .   b - +0 scale mail
rPois    .         Reflect  .   (no helmet)
rElec    .         Harm     .   (no cloak)
rCorr    .         Rampage  .   (no gloves)
Will     .....                  (no boots)
Stlth    ..........             i - amulet of faith
HPRegen  0.13/turn              (no ring)
MPRegen  0.09/turn              (no ring)

@: lethally poisoned (0 -> -4)
A: no striking features
a: no special abilities


You were on level 2 of the Dungeon.
You visited 1 branch of the dungeon, and saw 3 of its levels.

You collected 88 gold pieces.

Inventory:

Hand Weapons
 a - a +0 war axe (weapon)
Armour
 b - a +0 scale mail (worn)
 c - a +0 kite shield (worn)
Jewellery
 i - an amulet of faith (around neck)
 m - a +4 ring of protection
Scrolls
 e - 2 scrolls of identify {unknown}
 f - a scroll of noise {unknown}
 j - a scroll of silence {unknown}
Potions
 d - a potion of might
 g - 2 potions of heal wounds {unknown}
 h - a potion of attraction {unknown}
 k - a potion of lignification {unknown}
 l - a potion of brilliance {unknown}


   Skills:
 + Level 4.2 Fighting
 + Level 3.6 Axes
 + Level 3.9 Armour
 + Level 4.0 Shields


You had 3 spell levels left.
You didn't know any spells.
Your spell library was empty.

Dungeon Overview and Level Annotations

Branches:
Dungeon (3/15)

Altars:
Qazlal


Message History

You completely miss the adder.
You feel very sick.
The hobgoblin shouts!
The adder bites you but does no damage. The adder bites you.
You are more poisoned.
The adder poisons you!
You closely miss the adder.
You feel very sick. The adder bites you.
An adder comes into view.
The adder closely misses you.
You closely miss the adder.
You feel very sick. The adder completely misses you. The adder bites you.
You slash the adder!
The adder is heavily wounded.
You feel sick. The adder bites you but does no damage.
An adder comes into view.
The adder bites you.
You are more poisoned.
The adder poisons you!
You feel sick. The adder bites you.
* * * LOW HITPOINT WARNING * * *
You closely miss the adder.
The adder is heavily wounded.
You slash the adder!
* * * LOW HITPOINT WARNING * * *
You feel very sick. The adder closely misses you. The adder bites you.
* * * LOW HITPOINT WARNING * * *
The adder bites you but does no damage. The adder bites you.
* * * LOW HITPOINT WARNING * * *
The hobgoblin barely misses you.
Your scale mail prevents you from hitting the adder.
The adder is heavily wounded.
You slash the hobgoblin!
You kill the hobgoblin!
You hit the adder.
You kill the adder!
You die...

....♣♣≈≈P≈P≈≈≈≈≈≈≈≈≈≈≈≈P
....♣P≈≈≈♣≈≈≈≈≈≈≈≈≈≈≈≈≈
#..♣≈♣≈≈≈≈≈≈≈≈≈≈≈≈≈≈P
#.<..♣♣♣♣P≈P≈≈ ≈≈P≈P
#.(...♣ ♣≈≈≈♣ ≈≈≈P≈
#.....# ♣♣≈P ≈##
#.....#### . #........+
#...@.#### #..†S)#
#.....# #.....# .....###
....... ....... .......
.....S.


You could see an adder.

Vanquished Creatures
  A gnoll (D:1)
  3 adders
  An ufetubus (D:3)
  A dart slug (D:1)
  3 endoplasms
  3 giant cockroaches
  2 goblins
  4 hobgoblins
  3 jackals (D:3)
  2 quokkas
  2 ball pythons (D:1)
  5 bats
  4 kobolds
  2 rats
36 creatures vanquished.

Vanquished Creatures (others)
  A fungus (D:1)
  6 plants (D:2)
7 creatures vanquished.

Grand Total: 43 creatures vanquished

Notes
Turn   | Place    | Note
-------+----------+-------------------------------------------
     0 | D:1      | tokuyamm9 the Hill Orc Fighter began the quest for the Orb.
     0 | D:1      | Reached XP level 1. HP: 19/19 MP: 1/1
   223 | D:1      | Reached XP level 2. HP: 26/27 MP: 2/2
   823 | D:1      | Reached XP level 3. HP: 31/33 MP: 3/3
  1019 | D:1      | Found a faded altar of an unknown god.
  1404 | D:2      | Noticed an ogre
  1412 | D:3      | Found a stormy altar of Qazlal.
  1807 | D:3      | Reached XP level 4. HP: 40/40 MP: 4/4
  1903 | D:2      | HP: 1/40 [adder (2)]
  1904 | D:2      | Succumbed to an adder's poison

Illustrated notes

Levels and vault maps discovered:
D:1:      ebering_trefoil_3fold, layout_loops_ring,
          shapermc_ecumenical_altar_ellora
D:2:      layout_basic, serial_bayou, serial_bayou_crossing,
          serial_bayou_pond_c, serial_bayou_ford_a, serial_bayou_lake_a
D:3:      layout_basic, grunt_qazlal_sundering, serial_rivers,
          chequers_serial_rivers_micro_b, chequers_serial_rivers_micro_d,
          chequers_serial_rivers_small_b, chequers_serial_rivers_micro_e,
          chequers_serial_rivers_micro_e, corner_web_ring, minmay_bisected

Skill      XL: |  1  2  3 |
---------------+----------+-----
Axes           | 3 |  3.6
Fighting       | 4 |  4.2
Shields        | 4 |  4.0
Armour         | |  3.9

Action                   |  1- 3 |  4- 6 || total
-------------------------+-------+-------++-------
Melee: War axe           |    91 |    13 ||   104
Armor: Scale mail        |    53 |     9 ||    62
Dodge: Dodged            |    39 |     9 ||    48
Block: Kite shield       |    68 |     8 ||    76
